 Dungeon Crawl Stone Soup version 0.28.0-53-g5a82cb258f (webtiles) character file.

Game seed: 18352038484049937457

223 sizableburger the Skirmisher (level 5, -4/42 HPs)
             Began as a Mummy Warper on June 28, 2022.
             Killed by divine providence
             ... invoked by an orc priest
              (15 damage)
             ... on level 3 of the Dungeon.
             The game lasted 00:08:13 (3730 turns).

sizableburger the Skirmisher (Mummy Warper)         Turns: 3730, Time: 00:08:14

Health: -4/42      AC:  6    Str: 14    XL:     5   Next: 66%
Magic:  9/9        EV: 12    Int: 17    God:
Gold:   153        SH:  0    Dex: 18    Spells: 7/10 levels left

rFire   x . .      SeeInvis .   a - +0 spear
rCold   + . .      Faith    .   (no shield)
rNeg    + + +      Spirit   .   b - +0 leather armour
rPois   ∞          Reflect  .   i - +2 helmet {Int+3}
rElec   .          Harm     .   (no cloak)
rCorr   .          Rampage  .   (no gloves)
Will    .....                   (no boots)
Stlth   +.........              g - amulet of the acrobat
HPRegen 0.14/turn               c - +6 ring of dexterity
MPRegen 0.11/turn               (no ring)

@: no status effects
A: cold resistance 1, negative energy resistance 3, torment resistance 2, heat
vulnerability 1, no potions
a: no special abilities


You were on level 3 of the Dungeon.
You visited 1 branch of the dungeon, and saw 3 of its levels.

You collected 153 gold pieces.

Inventory:

Hand Weapons
 a - a +0 spear (weapon)
Missiles
 d - 4 boomerangs of dispersal (quivered)
Armour
 b - a +0 leather armour (worn)
 i - a +2 helmet of intelligence (worn)
Jewellery
 c - a +6 ring of dexterity (left hand)
 g - an amulet of the acrobat (around neck)
Scrolls
 e - a scroll of teleportation
 f - a scroll of brand weapon {unknown}
 h - 2 scrolls of amnesia


   Skills:
 + Level 4.1 Fighting
 + Level 3.3 Polearms
 - Level 0.7 Throwing
 - Level 0.7 Armour
 - Level 1.9 Dodging
 - Level 3.0 Spellcasting
 + Level 0.8 Summonings
 - Level 2.4 Translocations


You had 7 spell levels left.
You knew the following spells:

 Your Spells              Type           Power      Damage    Failure   Level
a - Blink                 Tloc           20%        N/A       12%         2
b - Summon Small Mammal   Summ           20%        N/A       16%         1

Your spell library contained the following spells:

 Spells                   Type           Power      Damage    Failure   Level
 Magic Dart               Conj           8%         1d3       22%         1
 Gell's Gravitas          Tloc           10%        N/A       24%         3
 Lesser Beckoning         Tloc           10%        N/A       24%         3
 Teleport Other           Tloc           10%        N/A       24%         3
 Searing Ray              Conj           4%         2d4       32%         2
 Fulminant Prism          Conj/Hex       1%         3d6       91%         4
 Manifold Assault         Tloc           10%        N/A       92%         5


Dungeon Overview and Level Annotations

Branches:
Dungeon (3/15)

Altars:

Shops:
D:1 (


Innate Abilities, Weirdness & Mutations

You are immune to poison.
Your flesh is cold resistant. (rC+)
You are immune to negative energy. (rN+++)
You are immune to unholy pain and torment.
You are vulnerable to heat. (rF-)
You do not drink.


Message History

Press: ? - help, Dir - move target, f/p - orc priest
Aim: an orc priest, wielding a +0 short sword and wearing a +0 ring mail (about 31% to evade your +0 spear)
You reach to attack!
You hit the orc priest.
The orc priest is moderately wounded.
Unknown command.
You closely miss the orc priest.
The orc priest is lightly wounded.
The orc priest hits you with a +0 short sword.
You hit the orc priest but do no damage.
The orc priest is lightly wounded.
The orc priest closely misses you.
You closely miss the orc priest. You punch the orc priest.
The orc priest is moderately wounded.
The orc priest hits you with a +0 short sword.
You hit the orc priest but do no damage.
The orc priest is moderately wounded.
The orc priest barely misses you.
You barely miss the orc priest.
The orc priest is moderately wounded.
The orc priest completely misses you.
You hit the orc priest but do no damage.
The orc priest is moderately wounded.
The orc priest hits you with a +0 short sword.
You hit the orc priest.
The orc priest is heavily wounded.
The orc priest barely misses you.
You hit the orc priest.
The orc priest is heavily wounded.
The orc priest hits you with a +0 short sword.
* * * LOW HITPOINT WARNING * * *
You hit the orc priest but do no damage.
The orc priest is heavily wounded.
You hit the orc priest but do no damage.
The orc priest is heavily wounded.
The orc priest hits you but does no damage.
You hit the orc priest but do no damage.
The orc priest is heavily wounded.
The orc priest invokes the aid of Beogh against you.
Beogh smites you!
You die...

#######
#.....#
#.###.# #.#
#.# #.# #.#
#.# #@# #.#
#o# #.# #o#
#.# #o# #.#
#.# #.# #.#
#.# #.# #.#
#.#
############.#
#.#


You could see an orc priest and 2 orcs.

Vanquished Creatures
  A hound (D:2)
  A bullfrog skeleton (D:3)
  Robin (D:2)
  8 adders
  A worm (D:2)
  4 orcs
  7 ball pythons
  3 bats
  6 endoplasms
  3 giant cockroaches
  9 goblins
  3 hobgoblins
  A jackal (D:2)
  4 quokkas
  A frilled lizard (D:1)
  6 kobolds
  3 rats
62 creatures vanquished.

Vanquished Creatures (collateral kills)
  An adder (D:3)
  A worm (D:3)
  An endoplasm (D:3)
  A ball python (D:3)
4 creatures vanquished.

Vanquished Creatures (others)
  3 fungi (D:2)
  2 plants (D:2)
5 creatures vanquished.

Grand Total: 71 creatures vanquished

Notes
Turn   | Place    | Note
-------+----------+-------------------------------------------
     0 | D:1      | sizableburger the Mummy Warper began the quest for the Orb.
     0 | D:1      | Reached XP level 1. HP: 16/16 MP: 4/4
   290 | D:1      | Reached XP level 2. HP: 23/23 MP: 5/5
   308 | D:1      | Found Vinub's Weapon Boutique.
   816 | D:2      | Reached XP level 3. HP: 16/28 MP: 7/7
  1104 | D:2      | Learned a level 2 spell: Blink
  1172 | D:2      | Noticed Robin
  1174 | D:2      | Reached skill level 3 in Fighting
  1196 | D:2      | Found a faded altar of an unknown god.
  2150 | D:2      | Got Plato's Almanac of the Escort
  2180 | D:2      | Reached XP level 4. HP: 35/35 MP: 8/8
  2182 | D:2      | Learned a level 1 spell: Summon Small Mammal
  2240 | D:2      | Killed Robin
  2849 | D:3      | Reached XP level 5. HP: 35/42 MP: 9/9
  3263 | D:3      | Reached skill level 4 in Fighting
  3730 | D:3      | Killed from afar by an orc priest

Illustrated notes

Levels and vault maps discovered:
D:1:      onia_arrival_pentagram, layout_basic, serial_shops,
          nicolae_shop_bloodbath_and_beyond, lemuel_old_faithful
D:2:      minmay_angry_zag, layout_basic, shapermc_ecumenical_altar_rom_forum,
          uniq_robin
D:3:      layout_basic

Skill      XL: |  1  2  3  4  5 |
---------------+----------------+-----
Polearms       | 2 3 |  3.3
Fighting       | 3 4 |  4.1
Spellcasting   | 3 |  3.0
Throwing       | |  0.7
Armour         | |  0.7
Dodging        | |  1.9
Summonings     | |  0.8
Translocations | |  2.4

Action                   |  1- 3 |  4- 6 || total
-------------------------+-------+-------++-------
Melee: Spear             |   159 |   177 ||   336
       Punch             |     1 |     3 ||     4
Throw: Boomerang         |     1 |       ||     1
 Cast: Blink             |     1 |     1 ||     2
       Summon Small Mamm |       |     1 ||     1
  Use: Scroll            |     1 |     5 ||     6
 Stab: Sleeping          |     1 |     2 ||     3
Armor: Leather armour    |    38 |    40 ||    78
Dodge: Dodged            |   108 |    80 ||   188
